 Dungeon Crawl Stone Soup version 0.26-a0-812-g31a745ddcd (webtiles) character file.

Game seed: 10809330035270372718

1003 kae the Insei (level 8, -6/46 HPs)
             Began as a Tengu Transmuter on Nov 20, 2020.
             Killed from afar by an electric eel (9 damage)
             ... with a bolt of electricity
             ... on level 7 of the Dungeon.
             The game lasted 00:04:29 (8453 turns).

kae the Insei (Tengu Transmuter)                    Turns: 8453, Time: 00:04:30

Health: -6/46      AC:  8    Str: 12    XL:     8   Next: 20%
Magic:  10/13      EV: 14    Int: 14    God:
Gold:   345        SH:  0    Dex: 15    Spells: 4/13 levels left

rFire    . . .     SeeInvis .     - Unarmed
rCold    . . .     Faith    .   (no shield)
rNeg     . . .     Spirit   .   a - +0 robe
rPois    .         Reflect  .   s - +1 hat
rElec    .         Harm     .   l - +0 cloak
rCorr    .         Rampage  .   (no gloves)
MR       +....                  (boots unavailable)
Stlth    +.........             (no amulet)
HPRegen  0.15/turn              j - +4 ring of protection
MPRegen  0.13/turn              q - ring of protection from magic

@: lethally poisoned (-6 -> -8), very slightly contaminated, very slow
A: beak, talons 3, able to fly
a: Fly


You were on level 7 of the Dungeon.
You visited 2 branches of the dungeon, and saw 8 of its levels.

You collected 345 gold pieces.

Inventory:

Armour
 a - a +0 robe (worn)
 l - a +0 cloak (worn)
 s - a +1 hat (worn)
Jewellery
 j - a +4 ring of protection (left hand)
 o - an uncursed ring of magical power
 q - a ring of protection from magic (right hand)
 v - an uncursed ring of magical power
Scrolls
 c - 2 scrolls of fear
 d - 3 scrolls of identify
 f - 4 scrolls of remove curse
 h - a scroll of amnesia
 n - a scroll of enchant weapon
Potions
 b - a potion of lignification
 e - a potion of curing
 g - 2 potions of resistance
 i - a potion of magic
 k - 2 potions of heal wounds
 m - a potion of degeneration {unknown}
 r - a potion of brilliance
 t - 2 potions of ambrosia
 x - a potion of berserk rage


   Skills:
 + Level 3.2 Fighting
 + Level 3.4 Armour
 + Level 4.1 Dodging
 * Level 6.2 Unarmed Combat
 - Level 3.0 Spellcasting
 * Level 4.2 Transmutations


You had 4 spell levels left.
You knew the following spells:

 Your Spells              Type           Power        Failure   Level
a - Beastly Appendage     Tmut           ##....       3%          1
b - Spider Form           Tmut/Pois      #.........   26%         3
c - Blade Hands           Tmut           ##........   71%         5

Your spell library contained the following spells:

 Spells                   Type           Power        Failure   Level
 Wereblood                Tmut           ##......     6%          2
 Ice Form                 Ice/Tmut       #.......     65%         4


Dungeon Overview and Level Annotations

Branches:
Dungeon (7/15)             Temple (1/1) D:4

Altars:
Ashenzari
Dithmenos
Elyvilon
Fedhas
Gozag
Hepliaklqana
Kikubaaqudgha
Nemelex Xobeh
Okawaru
Qazlal
Ru
Sif Muna
Trog
Uskayaw
Wu Jian
Xom
Yredelemnul
Zin
The Shining One

Shops:
D:4 *

Annotations:
D:5 3 runed translucent doors, Nebesus's ghost, novice HuFi
D:7 1 transporter


Innate Abilities, Weirdness & Mutations

You have a beak for a mouth.
You have claws for feet.
You can fly continuously.


Message History

The electric eel shoots out a bolt of lightning at you!
The bolt of electricity hits you.
The electric eel shoots out a bolt of lightning at you!
The bolt of electricity hits you!
Casting: Spider Form (quite dangerous; 26% risk of failure)
Confirm with . or Enter, or press ? or * to list all spells.
The spell is quite dangerous to cast (26% risk of failure)!
Continue anyway? [Y]es or [N]o only, please.
The spell is quite dangerous to cast (26% risk of failure)!
Continue anyway?
You miscast Spider Form.
You are very lightly contaminated with residual magic.
You feel incredibly sick!
You are poisoned.
You feel sick.
The electric eel shoots out a bolt of lightning at you!
The bolt of electricity hits you!
* * * LOW HITPOINT WARNING * * *
The electric eel shoots out a bolt of lightning at you!
The bolt of electricity hits you!
You die...

#####.#.# ..)..(#.#
..)(..#.# .####.# ..#
#.#.# ###### ..# #.#.#
###.PPP## ?#
..###.#.###P≈≈≈≈PP# .#
...##.#.#P≈≈≈≈≈;≈≈##.##
...##.#.#.P≈♣♣♣♣@P≈...#
...##.#.#.P≈P♣ ♣≈≈..###
......#.#.P≈P♣ ♣≈..P#
###.###.#.#P≈♣♣♣♣≈..#
........#..P≈≈≈≈≈.≈##
###.>.......≈P≈≈≈..#
....########..P.≈#.#
....# ###.#.#.# ♣...#
#...#.#


You could see an electric eel.

Vanquished Creatures
  An ogre (D:4)
  2 centaurs
  A big kobold (D:7)
  2 vampire bats (D:6)
  A howler monkey (D:5)
  A bullfrog skeleton (D:4)
  2 hounds
  3 orc priests
  2 orc wizards
  4 worker ants
  A howler monkey zombie (D:5)
  6 gnolls
  2 adders (D:2)
  A shadow imp (D:5)
  2 ufetubi
  2 adder skeletons (D:4)
  2 worms
  3 dart slugs
  3 leopard geckos
  25 orcs
  2 ball pythons
  3 bat skeletons (D:6)
  2 bat zombies (D:6)
  5 giant cockroaches
  6 goblins
  8 hobgoblins
  4 jackals (D:3)
  11 kobolds
  2 quokkas (D:2)
  3 bats
  2 frilled lizards
  6 rats
120 creatures vanquished.

Vanquished Creatures (others)
  12 plants
12 creatures vanquished.

Grand Total: 132 creatures vanquished

Notes
Turn   | Place    | Note
-------+----------+-------------------------------------------
     0 | D:1      | kae the Tengu Transmuter began the quest for the Orb.
     0 | D:1      | Reached XP level 1. HP: 12/12 MP: 4/4
   185 | D:1      | Reached XP level 2. HP: 4/16 MP: 4/6
  1357 | D:2      | Reached XP level 3. HP: 20/20 MP: 7/7
  1580 | D:2      | Reached skill level 1 in Armour
  2255 | D:2      | Reached skill level 4 in Unarmed Combat
  2255 | D:2      | Reached XP level 4. HP: 17/25 MP: 6/8
  2861 | D:3      | Found a blossoming altar of Fedhas.
  2865 | D:3      | Found an opulent altar of Gozag.
  2871 | D:3      | Found an ornate altar of the Wu Jian Council.
  2926 | D:3      | HP: 1/37 [orc priest/divine providence (10)]
  2927 | D:3      | Gained mutation: You can fly continuously. [Tengu growth]
  2927 | D:3      | Reached XP level 5. HP: 2/30 MP: 9/9
  3876 | D:3      | Found a hazy altar of Hepliaklqana.
  4560 | D:4      | Learned a level 3 spell: Spider Form
  4646 | D:4      | Learned a level 5 spell: Blade Hands
  4944 | D:4      | Reached XP level 6. HP: 18/35 MP: 9/11
  5124 | D:4      | Found a staircase to the Ecumenical Temple.
  5272 | D:4      | Found Qeozxus's Assorted Antiques.
  5330 | Temple   | Entered the Ecumenical Temple
  5430 | D:4      | Reached skill level 5 in Unarmed Combat
  5696 | D:5      | Entered Level 5 of the Dungeon
  5701 | D:5      | Found a runed translucent gate.
  5703 | D:5      | Found a runed translucent gate.
  5703 | D:5      | Noticed Nebesus's ghost (novice HuFi)
  5704 | D:5      | Found a runed translucent gate.
  6150 | D:5      | Reached XP level 7. HP: 36/40 MP: 9/12
  7685 | D:6      | Found a sparkling altar of Nemelex Xobeh.
  7838 | D:6      | Found an ancient bone altar of Kikubaaqudgha.
  7847 | D:6      | Reached skill level 6 in Unarmed Combat
  7847 | D:6      | Reached XP level 8. HP: 46/46 MP: 13/13
  8272 | D:7      | Found a transporter.
  8452 | D:7      | HP: 2/46 [electric eel/bolt of electricity (12)]
  8453 | D:7      | Killed from afar by an electric eel

Illustrated notes

Levels and vault maps discovered:
D:1:      lemuel_arrival_funnel, layout_loops_corners
D:2:      layout_rooms
D:3:      layout_basic, old_standard_altar, minmay_overflow_temple_star_quad
D:4:      layout_basic, minmay_temple_entry_enclosed_plants, serial_shops,
          nicolae_shop_overgrown_old_shop, minivault_23
D:5:      layout_layer_cave, gammafunk_ghost_nasty_kobolds
D:6:      layout_loops_ring, kennysheep_vampire_church,
          nemelex_xobeh_ov_fountains_minmay
D:7:      gammafunk_steamed_eel, layout_basic,
          chequers_temple_overflow_minitemple, basic_altar,
          hellmonk_ghost_happy_afterlife, serial_bayou, serial_bayou_ford_a,
          serial_bayou_crossing, serial_bayou_pond_c, serial_bayou_pond_b,
          minmay_misc_feat_cross, uniq_maggie
Temple:   cyrus_circular_temple

Skill      XL: |  1  2  3  4  5  6  7  8 |
---------------+-------------------------+-----
Transmutations | 2 3 4 |  4.2
Armour         | 1 2 3 |  3.4
Unarmed Combat | 4 5 6 |  6.2
Fighting       | 2 3 |  3.2
Dodging        | 3 4 |  4.1
Spellcasting   | 3 |  3.0

Action                   |  1- 3 |  4- 6 |  7- 9 || total
-------------------------+-------+-------+-------++-------
Melee: Unarmed           |   102 |   173 |   116 ||   391
       Peck              |    16 |    28 |    15 ||    59
       Kick              |    16 |    32 |    18 ||    66
       Headbutt          |     1 |     8 |     8 ||    17
       Punch             |     1 |     1 |     3 ||     5
 Cast: Beastly Appendage |    11 |    18 |    12 ||    41
       Spider Form       |       |     3 |     4 ||     7
  Use: Potion            |       |     2 |       ||     2
       Scroll            |       |       |    17 ||    17
 Stab: Sleeping          |     1 |       |       ||     1
Armor: Robe              |    12 |    16 |    29 ||    57
       Skin              |       |     4 |       ||     4
Dodge: Dodged            |    63 |   101 |   115 ||   279

Table legend: (Time is in decaauts)
 A = Elapsed time spent in this place.
 B = Non-inter-level travel time spent in this place.
 C = Inter-level travel time spent in this place.
 D = Time resting spent in this place.
 E = Time spent auto-exploring this place.
 F = Levels seen in this place.
 G = Mean time per level.
                   A        B        C        D        E       F      G
               +--------+--------+--------+--------+--------+-----+--------+
         Total |   8425 |   8171 |    254 |    684 |   6610 |   8 | 1053.1 |
       Dungeon |   8370 |   8124 |    246 |    684 |   6568 |   7 | 1195.7 |
        Temple |     55 |     48 |      7 |      0 |     42 |   1 |   55.0 |
               +--------+--------+--------+--------+--------+-----+--------+

Top non-repeatable levels by time:
     D:3: 1689 daAuts
     D:5: 1609 daAuts
     D:4: 1432 daAuts
     D:1: 1349 daAuts
     D:2: 1149 daAuts
     D:6: 944 daAuts
     D:7: 194 daAuts
  Temple: 55 daAuts
